Map: Port Aleksander LE

Players

HellraiseR

  • Race: Protoss Protoss
  • League: Master
  • Spawn Location: 11:00

ShoWTimE - Winner!

  • Race: Protoss Protoss
  • League: Grandmaster
  • Spawn Location: 5:00

Event: 2019 WCS Winter Europe

VOD

Have the link to the VOD?

Description

Time

  • Played on: Feb. 16, 2019, 10:11 a.m.
  • Length: 7:45

All games in this series

Show
View Real Time Build Order
Export as new Build Order

HellraiseR Protoss 

Build Orders:  

Get SALT Encoding   

  12  0:00  Probe  
  13  0:12  Probe  
  14  0:18  Pylon  
  14  0:21  Probe  
  15  0:32  Probe  
  15  0:38  Gateway  
  15  0:42  Probe  
  16  0:47  Assimilator  
  17  0:52  Probe  
  17  0:57  Assimilator  
  18  1:01  Probe  
  18  1:09  Probe, Gateway  
  20  1:21  Probe  
  21  1:26  Cybernetics Core  
  21  1:33  Probe  
  21  1:37  Pylon  
  22  1:45  Probe  
  23  1:55  Warp Gate  
  23  1:57  Probe  
  24  2:03  Stalker x2  
  28  2:09  Probe  
  29  2:20  Pylon  
  29  2:33  Sentry  
  31  2:38  Sentry  
  33  2:51  Nexus  
  33  2:59  Stalker  
  33  3:05  Stalker  
  37  3:12  Shield Battery  
  37  3:21  Pylon  
  37  3:23  Probe  
  38  3:35  Probe  
  38  3:37  Stalker x2  
  38  3:38  Stalker x2  
  39  3:43  Stalker x2  
  39  3:47  Probe  
  44  3:55  Robotics Facility  
  44  4:12  Stalker x2  
  44  4:13  Probe  
  49  4:18  Probe  
  49  4:22  Probe  
  48  4:26  Probe  
  48  4:30  Probe  
  44  4:33  Immortal  
  44  4:34  Probe  
  41  4:40  Probe  
  45  4:50  Sentry  
  45  4:52  Sentry  
  50  4:58  Gateway  
  49  5:00  Immortal  
  49  5:02  Gateway  
  53  5:16  Pylon  
  53  5:19  Probe  
  54  5:27  Gateway  
  54  5:32  Gateway  
  54  5:35  Warp Prism  
  54  5:42  Sentry  
  58  5:44  Stalker  
  60  5:50  Pylon  
  60  5:55  Stalker  
  62  6:08  Stalker x3  
  68  6:16  Pylon x2  
  68  6:18  Stalker  
  70  6:40  Adept x5  
  70  6:43  Adept  
  82  6:58  Pylon x2  
  82  7:10  Adept x2  
  86  7:19  Adept x4  
  82  7:30  Adept x2  
  76  7:39  Adept x4  
Show
View Real Time Build Order
Export as new Build Order

ShoWTimE Protoss - Winner!

Build Orders: Phoenix Opening, Zealot Archon 

Get SALT Encoding   

  12  0:00  Probe  
  13  0:12  Probe  
  14  0:18  Pylon  
  14  0:24  Probe  
  15  0:32  Probe  
  15  0:37  Gateway  
  15  0:40  Probe  
  16  0:48  Assimilator  
  17  0:50  Probe  
  17  0:56  Assimilator  
  18  0:59  Probe  
  19  1:07  Probe  
  20  1:13  Gateway  
  20  1:17  Probe  
  21  1:27  Cybernetics Core  
  21  1:30  Probe  
  22  1:37  Pylon  
  22  1:42  Probe  
  23  1:55  Probe  
  24  2:04  Stalker, Sentry  
  24  2:06  Warp Gate  
  24  2:07  Probe  
  29  2:13  Pylon  
  29  2:19  Probe  
  30  2:28  Pylon  
  30  2:31  Sentry  
  32  2:38  Phoenix  
  34  2:46  Sentry  
  34  2:49  Nexus  
  34  2:55  Shield Battery  
  34  3:03  Stalker  
  36  3:09  Probe  
  37  3:18  Pylon  
  39  3:22  Probe  
  39  3:24  Phoenix  
  38  3:30  Probe  
  38  3:33  Robotics Facility  
  38  3:39  Probe  
  40  3:49  Probe  
  41  3:59  Stalker x2  
  41  4:01  Probe x2  
  47  4:06  Shield Battery  
  47  4:12  Immortal  
  51  4:24  Stalker  
  51  4:29  Probe  
  51  4:30  Probe  
  51  4:37  Probe  
  51  4:38  Probe  
  51  4:39  Phoenix  
  51  4:45  Probe  
  53  4:46  Probe, Forge  
  55  4:54  Observer  
  55  4:56  Probe  
  55  4:57  Probe  
  55  4:58  Pylon  
  58  5:06  Probe  
  58  5:08  Probe  
  58  5:10  Twilight Council  
  60  5:15  Probe  
  60  5:20  Probe, Pylon  
  62  5:23  Protoss Ground Weapons Level 1  
  62  5:24  Probe  
  63  5:29  Immortal  
  63  5:33  Probe  
  68  5:38  Assimilator  
  68  5:39  Charge, Probe  
  68  5:40  Assimilator  
  69  5:44  Gateway  
  69  5:50  Probe  
  69  5:54  Pylon  
  70  5:57  Warp Prism  
  70  6:09  Zealot  
  70  6:10  Zealot  
  76  6:13  Pylon  
  76  6:16  Templar Archives  
  76  6:22  Shield Battery  
  76  6:27  Gateway  
  76  6:30  Sentry, Immortal  
  82  6:43  Adept x2  
  82  6:45  Shield Battery  
  84  6:56  Zealot  
  84  6:59  Gateway  
  86  7:03  Zealot, Sentry  
  90  7:12  Pylon  
  90  7:14  Pylon  
  88  7:20  Zealot  
  84  7:25  High Templar x2  
  84  7:29  Archon  
  88  7:34  Pylon  
  88  7:35  Zealot  
Tags
 
Add a new tag
Caveats
  • Supply blocks, unpowered buildings, or Contaminate may cause inaccurate times.
  • Supply counts are checked every 10 seconds.